 Dungeon Crawl Stone Soup version 0.29.1-12-g30fa7ad0bf (webtiles) character file.

Game seed: 14541404565151600087

19128 nightchill the Cleaver (level 12, -3/100 HPs)
             Began as a Demonspawn Abyssal Knight on Jan 15, 2023.
             Was a Believer of Lugonu.
             Constricted to death by a naga (5 damage)
             ... on level 3 of the Lair of Beasts.
             The game lasted 00:47:07 (16962 turns).

nightchill the Cleaver (Demonspawn Abyssal Knight) Turns: 16962, Time: 00:47:08

Health: -3/100     AC: 19    Str: 24    XL:     12   Next: 33%
Magic:  19/19      EV:  5    Int: 13    God:    Lugonu [**....]
Gold:   143        SH:  4    Dex: 13    Spells: 11/11 levels left

rFire   . . .      SeeInvis .   C - +0 hand axe
rCold   . . .      Faith    +   (no shield)
rNeg    . . .      Spirit   .   u - +0 chain mail
rPois   +          Reflect  .   (no helmet)
rElec   .          Harm     .   (no cloak)
rCorr   .          Rampage  .   d - +2 pair of gloves
Will    .....                   (no boots)
Stlth   ..........              A - amulet of faith
HPRegen 0.26/turn               q - +6 ring of strength
MPRegen 0.16/turn               (no ring)

@: lethally poisoned (-3 -> -6), constricted
A: claws 1, slimy green scales 3, icemail 1, powered by death 1, condensation
shield
a: Renounce Religion, Depart the Abyss, Bend Space


You were on level 3 of the Lair of Beasts.
You worshipped Lugonu.
Lugonu was pleased with you.
You visited 3 branches of the dungeon, and saw 13 of its levels.
You visited the Abyss 1 time.

You collected 703 gold pieces.
You spent 560 gold pieces at shops.

Inventory:

Hand Weapons
 z - the +5 flail of Massacring {freeze, rPois}
   (You took it off a gnoll on level 5 of the Dungeon)

   It freezes those it strikes, dealing additional cold damage.
   It can also slow down cold-blooded creatures.
   rPois:     It protects you from poison.
 C - a +0 hand axe (weapon)
Missiles
 l - 22 poisoned darts
 s - a throwing net
Armour
 d - a +2 pair of gloves (worn)
 u - a +0 chain mail (worn)
 E - a +0 kite shield
Magical Staves
 G - a staff of poison
Jewellery
 q - a +6 ring of strength (left hand)
 A - an amulet of faith (around neck)
Wands
 a - a wand of mindburst (9)
 g - a wand of flame (28)
 k - a wand of polymorph (6)
 B - a wand of charming (12)
Scrolls
 c - a scroll of fear
 e - 2 scrolls of amnesia {unknown}
 h - 3 scrolls of enchant weapon
 n - a scroll of vulnerability
 o - 2 scrolls of teleportation
 p - a scroll of brand weapon
 r - 2 scrolls of immolation
 t - 2 scrolls of blinking
 v - a scroll of poison
 x - 4 scrolls of fog
 y - a scroll of magic mapping
Potions
 b - 3 potions of ambrosia
 f - 4 potions of mutation
 i - a potion of curing
 j - a potion of brilliance
 m - 6 potions of might
 D - 3 potions of resistance
 F - a potion of invisibility
Miscellaneous
 w - a tin of tremorstones (1/2)


   Skills:
 + Level 11.6 Fighting
 - Level 14.0 Axes
 - Level 1.7 Armour
 - Level 0.8 Dodging
 * Level 2.8 Shields
 + Level 10.4 Invocations


You had 11 spell levels left.
You didn't know any spells.
Your spell library contained the following spells:

 Spells                   Type           Power      Damage    Failure   Level
 Magic Dart               Conj           0%         1d3       94%         1
 Necrotise                Necr           0%         1d4       94%         1
 Slow                     Hex            0%         N/A       94%         1
 Searing Ray              Conj           0%         2d4       98%         2
 Sublimation of Blood     Necr           0%         N/A       98%         2
 Confusing Touch          Hex            0%         N/A       100%        3
 Conjure Flame            Conj/Fire      0%         6-21      100%        3
 Ignite Poison            Fire/Tmut/Pois 0%         N/A       100%        3
 Vampiric Draining        Necr           0%         2d6       100%        3
 Fulminant Prism          Conj/Hex       0%         3d6       100%        4
 Leda's Liquefaction      Hex/Erth       0%         N/A       100%        4
 Petrify                  Tmut/Erth      0%         N/A       100%        4
 Sticky Flame             Conj/Fire      0%         2d3       100%        4
 Agony                    Necr           0%         N/A       100%        5
 Irradiate                Conj/Tmut      0%         3d11      100%        5
 Lee's Rapid Deconstruct  Erth           0%         3d5*      100%        5
 Statue Form              Tmut/Erth      0%         N/A       100%        6


Dungeon Overview and Level Annotations

Branches:
Dungeon (9/15)             Temple (1/1) D:7            Lair (3/5) D:8
  Snake (0/4) Lair:3
  Swamp: Lair:2-3    Shoals: Lair:2-3       Orc: D:9-12

Altars:
Ashenzari
Dithmenos
Fedhas
Gozag
Kikubaaqudgha
Nemelex Xobeh
Okawaru
Qazlal
Ru
Sif Muna
Trog
Uskayaw
Vehumet
Wu Jian
Xom
Yredelemnul

Shops:
D:8 =

Annotations:
D:1 exclusion: downstairs
D:2 exclusion: downstairs
D:4 exclusion: downstairs
D:5 exclusion: downstairs
D:6 exclusion: downstairs
D:7 exclusion: downstairs
Lair:1 exclusion: 2 downstairs
Abyss:1 Dowan, Duvessa, Grinder, Ijyb, Maurice


Innate Abilities, Weirdness & Mutations

You have sharp fingernails.
You are completely covered in slimy green scales. (AC +4, rPois)
A meltable icy envelope protects you from harm. (AC +4)
You regenerate a little health from kills.
A meltable shield of frost defends you. (SH +4)


Message History

You are no longer poisoned.
You escape the naga's grasp.
Found a staircase to the Snake Pit.
Things that are here:
a +0 short sword; a naga corpse You hit the naga but do no damage.
The naga is heavily wounded.
You hit the naga.
The naga is heavily wounded.
The naga hits you with a +0 dire flail!
* * * LOW HITPOINT WARNING * * *
The naga grabs you. The naga constricts you.
You hit the naga. You punch the naga, but do no damage.
The naga is severely wounded.
You hit the naga but do no damage.
The naga is severely wounded.
The naga hits you with a +0 dire flail.
* * * LOW HITPOINT WARNING * * *
The naga constricts you.
The tremorstone explodes into fragments!
You hear a bellow! x3
The naga spits poison at you.
The splash of poison hits you but does no damage.
You are poisoned.
You resist. The naga constricts you.
* * * LOW HITPOINT WARNING * * *
Aiming: Mindburst
Press: ? - help, Shift-Dir - straight line, f - naga
Aim: a naga, wielding a +0 dire flail and wearing a +0 robe (severely wounded, constricting you, chance to affect: 47%)
The naga resists with some effort.
You feel sick. The naga spits poison at you.
The splash of poison hits you but does no damage.
You resist. The naga constricts you.
Aiming: Mindburst
Press: ? - help, Shift-Dir - straight line, f/p - naga
Aim: a naga, wielding a +0 dire flail and wearing a +0 robe (severely wounded, constricting you, catching its breath, chance to affect: 47%)
The naga resists with some effort.
You feel sick. The naga hits you with a +0 dire flail.
* * * LOW HITPOINT WARNING * * *
The naga constricts you.
You die...

###.P#...+##.###
######..# ##
##..## #...##
###.#.# #...###
####+.###.##.
#.?.........#
~~~~.~#N@.......+.
~~~~~ +...........
~..~ ~..........##
~...~~~..........#
P....~~.###P.#..##
.>.~.~~## ###.##
.~.^~~ # ~..~~~


You could see a naga (catching breath).

Vanquished Creatures
  3 elephants
  3 cane toads
  A torpor snail (Lair:1)
  Psyche (D:8)
  A komodo dragon (Lair:1)
  A troll (D:9)
  9 blink frogs (Lair:2)
  3 dream sheep (Lair:1)
  2 wraiths
  A shadow (D:7)
  5 wyverns
  8 yaks (Lair:1)
  A vampire mosquito (D:7)
  2 wargs
  A naga (Lair:3)
  7 water moccasins
  3 black bears
  2 orc warriors
  A sky beast (D:8)
  3 ice beasts
  6 wolves (Lair:2)
  2 centaurs
  A phantom (D:5)
  3 kobold brigands
  13 bullfrogs
  2 necrophages
  A gnoll sergeant (D:5)
  6 scorpions
  6 wights (D:7)
  A killer bee (D:7)
  2 electric eels (Lair:2)
  7 howler monkeys
  9 hounds
  4 orc priests
  7 iguanas
  6 orc wizards
  10 gnolls
  6 adders
  3 shadow imps (D:7)
  A white imp (D:7)
  3 ufetubi
  A worm (D:2)
  A dart slug (D:1)
  32 orcs
  3 ball pythons
  5 bats
  5 endoplasms
  2 giant cockroaches
  9 goblins
  8 hobgoblins
  19 kobolds
  5 quokkas
  3 frilled lizards
  2 rats
252 creatures vanquished.

Vanquished Creatures (others)
  A necrophage (D:6)
  A jelly (D:6)
  13 fungi
  16 plants
31 creatures vanquished.

Grand Total: 283 creatures vanquished

Notes
Turn   | Place    | Note
-------+----------+-------------------------------------------
     0 | Abyss:1  | nightchill the Demonspawn Abyssal Knight began the quest
                  | for the Orb.
     0 | Abyss:1  | Reached XP level 1. HP: 18/18 MP: 2/2
     1 | D:1      | Escaped the Abyss
   149 | D:1      | Reached skill level 2 in Axes
   349 | D:1      | Gained mutation: A meltable shield of frost defends you.
                  | (SH +4) [demonic ancestry]
   349 | D:1      | Reached XP level 2. HP: 24/24 MP: 4/4
   807 | D:1      | Found a faded altar of an unknown god.
  1363 | D:2      | Reached XP level 3. HP: 18/29 MP: 5/5
  1621 | D:2      | Reached *** piety under Lugonu
  2531 | D:2      | Gained mutation: You have sharp fingernails. [demonic
                  | ancestry]
  2531 | D:2      | Reached XP level 4. HP: 13/35 MP: 7/7
  3028 | D:3      | Reached skill level 3 in Axes
  3319 | D:3      | Noticed Ijyb
  3692 | D:3      | Found a stormy altar of Qazlal.
  3791 | D:3      | Banished Ijyb
  3792 | D:3      | Reached XP level 5. HP: 24/42 MP: 0/8
  3976 | D:4      | Found a radiant altar of Vehumet.
  4168 | D:4      | Reached skill level 5 in Invocations
  4348 | D:4      | Found a basalt altar of Yredelemnul.
  4460 | D:4      | Noticed a black bear
  4464 | D:4      | Banished a black bear
  4465 | D:4      | Reached skill level 4 in Axes
  4465 | D:4      | Gained mutation: You are partially covered in slimy green
                  | scales. (AC +2) [demonic ancestry]
  4465 | D:4      | Reached XP level 6. HP: 48/48 MP: 5/10
  4612 | D:5      | Entered Level 5 of the Dungeon
  4927 | D:5      | Gained mutation: A meltable icy envelope protects you from
                  | harm. (AC +4) [demonic ancestry]
  4927 | D:5      | Reached XP level 7. HP: 55/55 MP: 6/12
  5023 | D:5      | Noticed Duvessa
  5031 | D:5      | Noticed Dowan
  5048 | D:4      | Reached skill level 5 in Axes
  5162 | D:5      | Banished Dowan
  5186 | D:5      | Banished Duvessa
  5187 | D:5      | Reached skill level 5 in Fighting
  5274 | D:5      | Reached XP level 8. HP: 42/62 MP: 14/14
  5471 | D:5      | Reached skill level 6 in Axes
  5673 | D:5      | Identified the +5 flail of Massacring {freeze, rPois}
  6092 | D:6      | Found a shadowy altar of Dithmenos.
  6109 | D:6      | Found a bloodstained altar of Trog.
  6109 | D:6      | Noticed Grinder
  6111 | D:6      | Banished Grinder
  6402 | D:6      | Reached skill level 7 in Axes
  6402 | D:6      | Reached skill level 10 in Invocations
  6453 | D:6      | Gained mutation: You are mostly covered in slimy green
                  | scales. (AC +3) [demonic ancestry]
  6453 | D:6      | Reached XP level 9. HP: 69/69 MP: 16/16
  6969 | D:6      | Found a shimmering altar of Xom.
  7605 | D:7      | Noticed a gargoyle
  7608 | D:7      | Banished a gargoyle
  7609 | D:7      | Reached skill level 8 in Axes
  8004 | D:7      | Found a hide-covered altar of Uskayaw.
  8205 | D:7      | Reached skill level 9 in Axes
  8392 | D:7      | Gained mutation: You are completely covered in slimy green
                  | scales. (AC +4, rPois) [demonic ancestry]
  8392 | D:7      | Reached XP level 10. HP: 73/80 MP: 17/17
  8569 | D:7      | Found a staircase to the Ecumenical Temple.
  8578 | Temple   | Entered the Ecumenical Temple
  9218 | D:7      | Reached skill level 10 in Axes
  9332 | D:7      | Noticed a gargoyle
  9333 | D:7      | Banished a gargoyle
  9363 | D:7      | Noticed a seven-headed hydra
  9370 | D:7      | Noticed a seven-headed hydra
  9449 | D:8      | Found Yjew's Jewellery Boutique.
  9758 | D:8      | Noticed Psyche
  9773 | D:8      | Killed Psyche
 10032 | D:7      | Reached skill level 11 in Axes
 10084 | D:8      | Noticed Maurice
 10318 | D:8      | Found a staircase to the Lair.
 10354 | D:8      | Banished Maurice
 10792 | D:9      | Reached XP level 11. HP: 87/89 MP: 9/18
 11026 | D:9      | Noticed a two-headed ogre
 11030 | D:9      | Banished a two-headed ogre
 11086 | D:9      | Reached skill level 12 in Axes
 11425 | Lair:1   | Entered Level 1 of the Lair of Beasts
 11504 | Lair:1   | Noticed a five-headed hydra
 11518 | Lair:1   | Banished a five-headed hydra
 11531 | Lair:1   | Reached skill level 10 in Fighting
 11680 | D:8      | Bought an amulet of faith for 560 gold pieces
 12810 | Lair:1   | Reached skill level 13 in Axes
 13597 | Lair:2   | HP: 4/92 [poisoned by a black mamba]
 14362 | Lair:2   | Gained mutation: You regenerate a little health from kills.
                  | [demonic ancestry]
 14362 | Lair:2   | Reached XP level 12. HP: 77/100 MP: 12/19
 15431 | Lair:1   | Reached skill level 14 in Axes
 15714 | Lair:1   | Reached skill level 1 in Shields
 16955 | Lair:3   | Found a staircase to the Snake Pit.
 16962 | Lair:3   | HP: 2/100 [naga/+0 dire flail (6)]
 16962 | Lair:3   | Constricted to death by a naga

Illustrated notes

Levels and vault maps discovered:
D:1:      nzn_arrival_crosshair, layout_basic,
          dreamdust_ecumenical_altar_statues, serial_bayou, serial_bayou_pond_a,
          serial_bayou_pond_a, serial_bayou_lagoon_b, serial_bayou_pond_c,
          nicolae_titane
D:2:      layout_loops_ring, chequers_serial_rivers_micro_a
D:3:      layout_rooms, old_standard_altar, uniq_ijyb
D:4:      layout_loops_cross, vehumet_crystals, mainiacjoe_overflow_catwalk
D:5:      layout_loops_ring, kennysheep_generic_room_7, uniq_duvessa
D:6:      layout_basic, mainiacjoe_overflow_paths,
          mainiacjoe_overflow_six_doors_small, mainiacjoe_overflow_chevrons,
          lemuel_flamethrower_2, uniq_grinder
D:7:      nzn_winding_woodlands_stair_cross
          [nzn_winding_woodlands_5x15_river_crossing,
          nzn_winding_woodlands_center_lodge,
          nzn_winding_woodlands_5x15_crooked, nzn_winding_woodlands_5x5_cross,
          nzn_winding_woodlands_5x5_open_star,
          nzn_winding_woodlands_5x15_parted,
          nzn_winding_woodlands_center_pierced_h,
          nzn_winding_woodlands_5x15_sawtooth], layout_loops_corners,
          nicolae_uskayaw_dance_hall, lemuel_temple_firewalk_b
D:8:      layout_loops_cross, mainiacjoe_overflow_24_doors,
          erik_lair_orcish_takeover, serial_shops, shop, uniq_psyche,
          uniq_maurice
D:9:      layout_loops_ring, serial_glass, glass_columns_a, glass_columns_b
Temple:   chequers_temple_sunken
Lair:1:   layout_chaotic_city, guppyfry_lair_drakes, grunt_megastairs_4
Lair:2:   layout_gridlike, minivault_26, chequers_serial_rivers_micro_d,
          lemuel_another_geyser, grunt_megastairs_1
Lair:3:   layout_roguey, swamp_mist, guppyfry_snake_entry_island,
          lemuel_fruit_tree, grunt_megastairs_5

Skill      XL: |  1  2  3  4  5  6  7  8  9 10 11 12 |
---------------+-------------------------------------+-----
Axes           | 2 3 4 5 7 9 11 13 14 | 14.0
Invocations    | 3 4 5 6 8 10 | 10.4
Fighting       | 4 5 6 7 9 11 | 11.6
Shields        | 2 |  2.8
Armour         | |  1.7
Dodging        | |  0.8

Action                   |  1- 3 |  4- 6 |  7- 9 | 10-12 || total
-------------------------+-------+-------+-------+-------++-------
Melee: Hand axe          |   139 |   150 |   478 |   961 ||  1728
       Punch             |       |     2 |     9 |    13 ||    24
Invok: Bend Space        |     3 |       |    10 |     6 ||    19
       Banish            |       |     6 |    10 |    24 ||    40
Evoke: Wand              |       |       |       |     6 ||     6
       Tin of tremorston |       |       |       |     1 ||     1
  Use: Scroll            |       |     7 |     9 |     6 ||    22
       Potion            |       |       |     1 |     5 ||     6
Armor: Leather armour    |    12 |       |       |       ||    12
       Ring mail         |    11 |       |       |       ||    11
       Chain mail        |       |    99 |   264 |   550 ||   913
Dodge: Dodged            |    64 |    60 |   173 |   276 ||   573
Block: Other             |    27 |    32 |    67 |   150 ||   276
